 Dungeon Crawl Stone Soup version 0.24-a0-7-g1bb0902 (webtiles) character file.

Game seed: 13541522211975380086

373 Mgcat the Skirmisher (level 6, 0/58 HPs)
             Began as a Naga Fighter on Jan 30, 2019.
             Slain by an orc priest
             ... wielding a +0 mace
              (3 damage)
             ... on level 4 of the Dungeon.
             The game lasted 00:07:45 (3091 turns).

Mgcat the Skirmisher (Naga Fighter)                 Turns: 3091, Time: 00:07:46

Health: 0/58       AC:  6    Str: 20    XL:     6   Next: 72%
Magic:  15/15      EV:  5    Int:  8    God:
Gold:   94         SH:  9    Dex: 11    Spells: 5/5 levels left

rFire    . . .     SeeInvis +   a - +1 war axe
rCold    . . .     Gourm    .   c - +0 shield
rNeg     . . .     Faith    .   b - +0 scale mail
rPois    +         Spirit   .   (no helmet)
rElec    .         Reflect  .   (no cloak)
rCorr    .         Harm     .   (no gloves)
MR       .....                  (no barding)
Stlth    ..........             (no amulet)
HPRegen  0.19/turn              g - ring of magical power {MP+9}
MPRegen  0.14/turn              (no ring)

@: very slow
A: large, see invisible, deformed body, poison resistance, slowness 2, slow
metabolism 1, spit poison 1, AC +2
a: Spit Poison


You were on level 4 of the Dungeon.
You were not hungry.

You visited 1 branch of the dungeon, and saw 4 of its levels.
You also visited: Sewer.

You collected 94 gold pieces.

Inventory:

Hand Weapons
 a - a +1 war axe (weapon)
Armour
 b - a +0 scale mail (worn)
 c - a +0 shield (worn)
Jewellery
 g - a ring of magical power (left hand) {MP+9}
   (You found it on level 2 of the Dungeon)
 t - a cursed -2 ring of dexterity {unknown}
   (You found it on level 3 of the Dungeon)
Wands
 o - a wand of polymorph (4)
   (You found it on level 2 of the Dungeon)
Scrolls
 e - 5 scrolls of fear
 h - 4 scrolls of teleportation
 i - a scroll of identify
Potions
 d - a potion of might
 j - 3 potions of ambrosia {unknown}
 k - a potion of berserk rage {!q}
 l - a potion of agility {unknown}
 m - a potion of mutation {!q}
 n - 2 potions of heal wounds {unknown}
 p - a potion of brilliance {unknown}
 q - 2 potions of curing {unknown}
 s - a potion of flight {unknown}
Comestibles
 f - 6 rations
 r - 6 chunks of flesh {@w0}


   Skills:
 + Level 4.4 Fighting
 + Level 3.7 Axes
 + Level 3.7 Armour
 + Level 3.6 Shields


You had 5 spell levels left.
You didn't know any spells.
Your spell library was empty.

Dungeon Overview and Level Annotations

Branches:
Dungeon (4/15)
 Temple: D:4-7

Altars:


Innate Abilities, Weirdness & Mutations

You cannot wear boots.
Your serpentine skin is tough. (AC +2)
You have supernaturally acute eyesight. (SInv)
Armour fits poorly on your strangely shaped body.
Your system is resistant to poisons. (rPois)
You cover ground very slowly.
You have a slow metabolism.
You can spit poison.


Message History

There is an open door, spattered with blood here.
Items here: ( )))))) รทรทรท
There is a stone staircase leading down here.
You climb downwards.
An orc comes into view. It is wielding a +0 flail.
The orc shouts!
You hear a shout!
There is a stone staircase leading up here.
You regained 5 hp, and now have 57/58 hp.
A worm and an orc come into view.
The orc shouts!
An orc priest comes into view. It is wielding a +0 mace.
Found a stone staircase leading down.
Spoiler Alert: The orc priest can smite you!
Unknown command.
Unknown command.
Press: ? - help, Shift-Dir - straight line, f - orc priest
Aim: an orc priest, wielding a +0 mace and wearing a +0 scale mail The splash of poison misses the orc.
The splash of poison hits the orc priest but does no damage.
You feel slightly more hungry.
Spoiler Alert: The orc priest can smite you!
The orc hits you with a +0 flail.
You take 3 damage, and have 54/58 hp.
You barely miss the orc. You hit the orc but do no damage.
The orc barely misses you. You block the orc's attack.
The orc hits you with a +0 flail.
You take 2 damage, and have 52/58 hp.
Spoiler Alert: The orc priest can smite you!
Your scale mail prevents you from hitting the orc priest.
You barely miss the orc. You slash the orc!
You kill the orc!
You have got your breath back.
You block the orc priest's attack. The orc hits you with a +0 flail.
You take 4 damage, and have 48/58 hp.
Spoiler Alert: The orc priest can smite you!
You hit the orc priest.
The orc priest is lightly wounded.
You hit the orc. You slash the worm! You block the orc priest's attack.
The worm bites you. The orc hits you but does no damage.
You take 3 damage, and have 45/58 hp.
You hit the worm.
The worm is severely wounded.
You hit the orc but do no damage. You hit the orc priest.
The orc priest hits you but does no damage.
The orc hits you with a +0 flail! You block the worm's attack.
You take 6 damage, and have 39/58 hp.
Spoiler Alert: The orc priest can smite you!
You are too injured to fight recklessly!
You are too injured to fight recklessly!
You are too injured to fight recklessly!
You are too injured to fight recklessly!
You slash the orc priest!
The orc priest is almost dead.
You barely miss the orc.
Your shield and scale mail prevent you from hitting the worm.
The orc priest closely misses you. The orc barely misses you.
The worm bites you. The orc priest hits you with a +0 mace.
You take 7 damage, and have 32/58 hp.
Spoiler Alert: The orc priest can smite you!
You barely miss the orc priest.
The orc priest is almost dead.
You barely miss the worm. You hit the orc.
You kill the orc!
The orc priest hits you with a +0 mace.
You take 1 damage, and have 31/58 hp.
Spoiler Alert: The orc priest can smite you!
Your shield and scale mail prevent you from hitting the orc priest.
The orc priest is almost dead.
You hit the worm. The worm bites you!
A leopard gecko comes into view.
The orc priest mumbles some strange prayers to Beogh against you.
Pain shoots through your body!
You take 9 damage, and have 22/58 hp.
Spoiler Alert: The orc priest can smite you!
You closely miss the orc priest.
The orc priest is almost dead.
The leopard gecko hisses angrily.
You hit the worm.
The orc priest invokes the aid of Beogh against you.
Beogh smites you!
* * * LOW HITPOINT WARNING * * *
The worm bites you.
* * * LOW HITPOINT WARNING * * *
You take 11 damage, and have 11/58 hp.
Spoiler Alert: The orc priest can smite you!
Unknown command.
You hit the orc priest but do no damage.
The orc priest is almost dead.
You slash the worm!
You kill the worm!
The orc priest hits you with a +0 mace!
* * * LOW HITPOINT WARNING * * *
The orc priest hits you but does no damage.
You take 8 damage, and have 3/58 hp.
Spoiler Alert: The orc priest can smite you!
Unknown command.
Your shield prevents you from hitting the orc priest.
The orc priest is almost dead.
The orc priest hits you with a +0 mace.
You die...

......#......###
>................
..................
..................
.?................
...........l......
..........)o......
..........@)......
..................
.......<.....#....
............## ...
.......###### .
#######


You could see an orc priest and a leopard gecko.

Vanquished Creatures
  An ogre (D:3)
  Natasha (thrice) (D:2)
  9 adders
  2 oozes
  5 worms
  5 leopard geckos
  11 orcs
  7 bats
  5 giant cockroaches
  8 hobgoblins
  2 jackals (D:3)
  A quokka (D:3)
  4 ball pythons (Sewer)
  10 frilled lizards
  15 goblins
  13 kobolds
  5 rats
106 creatures vanquished.

Vanquished Creatures (others)
  A plant (D:1)
1 creature vanquished.

Grand Total: 107 creatures vanquished

Notes
Turn   | Place    | Note
-------+----------+-------------------------------------------
     0 | D:1      | Mgcat the Naga Fighter began the quest for the Orb.
     0 | D:1      | Reached XP level 1. HP: 21/21 MP: 1/1
   108 | D:1      | Reached XP level 2. HP: 20/28 MP: 2/2
   366 | D:1      | Reached XP level 3. HP: 31/34 MP: 3/3
   924 | D:2      | Noticed Natasha
  1213 | D:2      | Reached XP level 4. HP: 35/42 MP: 4/4
  1509 | D:2      | Killed Natasha
  1509 | D:2      | Reached skill level 3 in Armour
  1509 | D:2      | Reached skill level 3 in Shields
  1702 | D:2      | Noticed Natasha
  1709 | D:2      | Killed Natasha
  1709 | D:2      | Reached skill level 3 in Axes
  1709 | D:2      | Reached XP level 5. HP: 30/50 MP: 5/5
  1799 | D:2      | Noticed Natasha
  1808 | D:2      | Killed Natasha
  1976 | D:3      | Reached skill level 4 in Fighting
  2156 | D:3      | Reached XP level 6. HP: 23/57 MP: 6/6
  2234 | D:3      | Found a glowing drain.
  2273 | Sewer    | Entered a sewer
  3089 | D:4      | HP: 11/58 [worm (4)]
  3090 | D:4      | HP: 3/58 [orc priest/+0 mace (8)]
  3091 | D:4      | Slain by an orc priest

Vault maps used:
D:1:      kennysheep_arrival_seaside, serial_curves, eino_curves_02,
          eino_curves_04, lexackson_kobold_supper
D:2:      minmay_misc_feat_chi, uniq_natasha
D:3:      cheibrodos_sewer_entry_bend, minmay_ogre_servants
D:4:      first_ration, minivault_1
Sewer:    sewer_co_cracked_pipes

Skill      XL: |  1  2  3  4  5 |
---------------+----------------+-----
Armour         | 3 |  3.7
Shields        | 3 |  3.6
Axes           | 3 |  3.7
Fighting       | 4 |  4.4

Action                   |  1- 3 |  4- 6 || total
-------------------------+-------+-------++-------
Melee: War axe           |   121 |   174 ||   295
 Abil: Spit Poison       |     3 |    21 ||    24
  Use: Scroll            |       |     7 ||     7
  Eat: Chunk             |       |     8 ||     8
Armor: Scale mail        |    61 |    69 ||   130
Dodge: Dodged            |    24 |    33 ||    57
Block: Shield            |    75 |    98 ||   173

Table legend:
 A = Non-vault XP
 B = Vault XP
 C = Vault XP percentage of total XP
 D = Non-vault monster count
 E = Vault monster count
 F = Vault count percentage of total count
                 A         B        C        D         E       F
            +---------+---------+-------+---------+---------+-------
      Total |     298 |     236 |  44.2 |      76 |      30 |  28.3
            +---------+---------+-------+---------+---------+-------
        D:1 |      49 |      15 |  23.4 |      27 |       7 |  20.6
        D:2 |     109 |      35 |  24.3 |      18 |       1 |   5.3
        D:3 |     129 |     137 |  51.5 |      28 |      11 |  28.2
        D:4 |      11 |       0 |   0.0 |       3 |       0 |   0.0
      Sewer |       0 |      49 | 100.0 |       0 |      11 | 100.0
            +---------+---------+-------+---------+---------+-------

Vault maps used:
D:1:      kennysheep_arrival_seaside, serial_curves, eino_curves_02,
          eino_curves_04, lexackson_kobold_supper
D:2:      minmay_misc_feat_chi, uniq_natasha
D:3:      cheibrodos_sewer_entry_bend, minmay_ogre_servants
D:4:      first_ration, minivault_1
Sewer:    sewer_co_cracked_pipes

Table legend:
 A = Turns spent in this place as a percentage of turns spent in the entire game.
 B = Non-inter-level travel turns spent in this place as a percentage of non-inter-level travel turns spent in the entire game.
 C = Inter-level travel turns spent in this place as a percentage of turns spent in this place.
 D = Turns resting spent in this place as a percentage of non-inter-level travel turns spent in this place.
 E = Turns spent auto-exploring this place as a percentage of non-inter-level travel turns spent in this place.
 F = Non-inter-level travel turns spent in this place divided by the number of levels of this place that you've seen.
                   A       B       C       D       E      F
               +-------+-------+-------+-------+-------+----------------------
         Total | 100.0 | 100.0 |   5.3 |   6.0 |  64.5 | 585.2
       Dungeon |  90.6 |  90.0 |   5.9 |   6.6 |  64.2 | 658.5
         Sewer |   9.4 |  10.0 |   0.0 |   0.0 |  67.1 | 292.0
               +-------+-------+-------+-------+-------+----------------------

Table legend:
 A = Kills in this place as a percentage of kills in entire the game.
 B = Kills by you in this place as a percentage of kills by you in the entire game.
 C = Kills by friends in this place as a percentage of kills by friends in the entire game.
 D = Other kills in this place as a percentage of other kills in the entire game.
 E = Experience gained in this place as a percentage of experience gained in the entire game.
 F = Experience gained in this place divided by the number of levels of this place that you have seen.
                   A       B       C       D       E      F
               +-------+-------+-------+-------+-------+----------------------
         Total | 100.0 | 100.0 |   N/A |   N/A | 100.0 | 106.8
       Dungeon |  89.6 |  89.6 |   N/A |   N/A |  90.8 | 121.2
         Sewer |  10.4 |  10.4 |   N/A |   N/A |   9.2 |  49.0
               +-------+-------+-------+-------+-------+----------------------
